AoeStats
← Degel

MegaRandom

510611499Analyzed
3v3 RM · 1d ago on Oct 1, 2026· 53m 45s· 6 players
Game mode
Random Map
Map size
Normal (6 player)
Population
200
Speed
Normal
Resources
Standard
Victory
Conquest
Starting age
Dark Age
Ending age
Imperial Age
RankedLock teamsTeams togetherTeam positionsShared explorationLock speedFull tech treeHidden civsTurbo modeCheats
Victory
Defeat
🇲🇽 Varangians · Mexico
1340
+10
🇲🇽 Georgians · Mexico
1247
+14
🇲🇽 Huns · Mexico
1194
+16
🇷🇴 Vikings · Romania
1247
-15
🇳🇱 Varangians · Netherlands
1238
-15
🇵🇪 Mongols · Peru
1115
-10
Sofia
5:51 Loom
8:54 Feudal Age
12:47 Bloodlines
18:44 Castle Age
17:01 Horse Collar
21:56 Fletching
24:37 Town Watch
27:19 Wheelbarrow
31:14 Gold Mining
35:33 Imperial Age
34:22 Ballistics
35:02 Stone Mining
35:57 Murder Holes
41:55 Forging
41:51 Scale Barding Armor
42:56 Conscription
42:57 Fervor
44:01 Illumination
45:12 Guard Tower
45:35 Masonry
46:58 Pikeman
47:30 Gambesons
47:46 Squires
48:16 Halberdier
49:59 Scale Mail Armor
50:50 Capped Ram
Biscu
8:33 Loom
11:11 Feudal Age
12:17 Double-Bit Axe
13:54 Horse Collar
15:38 Gold Mining
17:15 Fishing Lines
21:38 Castle Age
23:14 Bow Saw
23:07 Heavy Plow
23:30 Fletching
23:02 Crossbowman
23:43 Stone Mining
25:39 Town Watch
26:00 Bodkin Arrow
26:42 Gold Shaft Mining
27:58 Town Patrol
30:28 Padded Archer Armor
30:43 Gillnets
35:27 Imperial Age
33:21 Pikeman
34:01 Squires
33:47 Arson
34:03 Scale Mail Armor
34:14 Forging
36:44 Chain Mail Armor
37:04 Iron Casting
36:44 Chain Mail Armor
36:29 Bracer
36:05 Elite Varangian Guard
38:07 Two-Man Saw
37:42 Crop Rotation
38:38 Plate Mail Armor
39:14 Chemistry
38:34 Ballistics
38:25 Masonry
38:23 Siege Engineers
38:39 Ballistics
38:30 Masonry
38:54 Caravan
39:28 Coinage
40:10 Blast Furnace
40:01 Murder Holes
41:43 Architecture
41:03 Guard Tower
43:50 Banking
44:06 Conscription
44:56 Chieftains
45:34 Hoardings
49:49 Fortified Wall
50:09 Architecture
50:40 Chemistry
49:23 Treadmill Crane
ASDF
9:57 Feudal Age
11:55 Loom
15:13 Double-Bit Axe
17:06 Wheelbarrow
19:34 Castle Age
17:54 Gold Mining
21:03 Scale Barding Armor
23:33 Chain Barding Armor
26:05 Forging
28:06 Stone Mining
34:06 Horse Collar
38:16 Gold Shaft Mining
39:04 Iron Casting
43:27 Imperial Age
41:21 Bow Saw
42:44 Bloodlines
42:35 Husbandry
43:31 Heavy Camel Rider
45:17 Blast Furnace
Degel
2:57 Loom
11:27 Feudal Age
13:01 Wheelbarrow
12:17 Double-Bit Axe
13:22 Horse Collar
15:51 Castle Age
16:44 Bow Saw
22:54 Hand Cart
25:15 Town Watch
27:55 Scale Barding Armor
27:44 Gold Mining
31:04 Imperial Age
28:40 Stone Mining
29:11 Chain Barding Armor
30:04 Stone Shaft Mining
29:40 Forging
32:07 Iron Casting
32:28 Plate Barding Armor
32:14 Conscription
32:57 Two-Man Saw
32:40 Husbandry
34:10 Blast Furnace
33:34 Fletching
33:54 Elite Jarl
35:10 Bloodlines
35:45 Siege Engineers
37:25 Ballistics
39:23 Bodkin Arrow
41:03 Chemistry
40:13 Masonry
39:44 Treadmill Crane
40:36 Vendel Legacy
42:46 Bracer
43:19 Architecture
42:44 Murder Holes
45:06 Town Patrol
45:07 Padded Archer Armor
45:11 Squires
44:32 Elite Varangian Guard
44:57 Arson
46:54 Gothikon
Dr_Simi
5:38 Loom
8:10 Feudal Age
9:07 Double-Bit Axe
20:05 Castle Age
18:39 Forging
18:51 Horse Collar
21:06 Bow Saw
22:56 Wheelbarrow
22:39 Husbandry
24:09 Bloodlines
27:47 Scale Barding Armor
29:01 Chain Barding Armor
32:01 Hand Cart
35:28 Imperial Age
33:23 Gold Mining
34:21 Heavy Plow
34:43 Town Watch
34:35 Light Cavalry
35:30 Stone Mining
36:51 Conscription
36:41 Elite Monaspa
38:28 Plate Barding Armor
38:49 Iron Casting
40:29 Crop Rotation
42:48 Blast Furnace
42:05 Aznauri Cavalry
43:00 Hussar
49:22 Chemistry
48:43 Ballistics
52:45 Fletching
MZTK l black goku
6:24 Loom
9:44 Feudal Age
13:24 Castle Age
14:18 Double-Bit Axe
20:05 Town Watch
21:40 Stone Mining
25:19 Bow Saw
Connection lost

Rejoining the realm…

Still unreachable

The connection could not be restored.

Session expired

The server has moved on; the page needs a fresh start.